 Dungeon Crawl Stone Soup version 0.30-b1-2-g02819fbbbe (webtiles) character file.

Game seed: 5214931860960327059

21 Flugkiller the Magician (level 3, 29/29 HPs)
             Began as a Djinni Warper on May 14, 2023.
             Quit the game on level 2 of the Dungeon.
             The game lasted 00:00:53 (481 turns).

Flugkiller the Magician (Djinni Warper)              Turns: 481, Time: 00:00:53

Health: 29/29      AC:  3    Str: 10    XL:     3   Next: 5%
Gold:   0          EV: 11    Int: 16    God:
                   SH:  0    Dex: 12

rFire   + + .        a - +0 short sword
rCold   x . .        (no shield)
rNeg    . . .        b - +0 leather armour
rPois   ∞            (no helmet)
rElec   .            c - scarf {shadows}
rCorr   .            (no gloves)
SInv    .            (boots unavailable)
Will    .....        (no amulet)
Stlth   +            (no ring)
HPRegen 0.24/turn    (no ring)
MPRegen 0.00/turn

%: no passive effects
@: flying
A: sickness immunity, fire resistance 2, cold vulnerability 1, float, innate
caster, HP casting, extra vitality 1
a: no special abilities


You were on level 2 of the Dungeon.
You visited 1 branch of the dungeon, and saw 2 of its levels.

Inventory:

Hand Weapons
 a - a +0 short sword (weapon)
Missiles
 d - 6 boomerangs of dispersal (quivered)
 e - 6 poisoned darts
Armour
 b - a +0 leather armour (worn)
 c - a scarf of shadows (worn)
   (You found it on level 1 of the Dungeon)
Scrolls
 f - a scroll of vulnerability {unknown}
 z - a scroll of blinking


   Skills:
 + Level 2.7 Fighting
 - Level 1.7 Short Blades
 - Level 0.7 Throwing
 - Level 1.0 Armour
 - Level 2.1 Dodging
 + Level 2.8 Spellcasting


You knew the following spells:

 Your Spells              Type           Power      Damage    Failure   Level
a - Lesser Beckoning      Tloc           22%        N/A       12%         2
b - Vhi's Electric Charg  Tloc/Air       22%        N/A       24%         3
c - Teleport Other        Tloc           11%        N/A       24%         3
d - Manifold Assault      Tloc           11%        N/A       63%         4
e - Slow                  Hex            44%        N/A       9%          1
r - Blink                 Tloc           22%        N/A       12%         2
Your spell library was empty.

Dungeon Overview and Level Annotations

Branches:
Dungeon (1/15) Zot: 11526

Altars:


Innate Abilities, Weirdness & Mutations

You are immune to sickness and miasma.
You are immune to poison.
Your flesh is very heat resistant. (rF++)
You are vulnerable to cold. (rC-)
You float through the air rather than walking.
You learn spells naturally, not from books.
Your magical power is your life essence.
You have superior vitality. (+4 MHP)


Message History

The bat barely misses you. The bat attacks as you move away!
The bat hits you but does no damage. The bat barely misses you.
The bat hits you but does no damage. The bat closely misses you.
You barely miss the bat. The bat barely misses you.
You completely miss the bat. The bat hits you.
You hit the bat but do no damage. The bat closely misses you.
You closely miss the bat. The bat hits you but does no damage.
You hit the bat.
The bat is moderately wounded.
The bat closely misses you. The bat hits you.
You hit the bat.
The bat is severely wounded.
The bat misses you.
You barely miss the bat.
The bat is severely wounded.
The bat hits you but does no damage.
You closely miss the bat.
The bat is severely wounded.
The bat hits you but does no damage. The bat barely misses you.
You miss the bat. You punch the bat.
You kill the bat!
You closely miss the jackal. The jackal bites you.
You hit the jackal but do no damage. The jackal barely misses you. x2
You closely miss the jackal.
The jackal bites you but does no damage.
You hit the jackal.
The jackal is severely wounded.
The jackal bites you.
You hit the jackal.
You kill the jackal!
You hit the jackal.
The jackal is heavily wounded.
The jackal barely misses you.
You closely miss the jackal.
The jackal is heavily wounded.
The jackal bites you. The jackal closely misses you.
You closely miss the jackal.
The jackal is heavily wounded.
The jackal barely misses you.
You closely miss the jackal.
The jackal is heavily wounded.
The jackal bites you but does no damage.
You hit the jackal.
You kill the jackal!
No target in view!
A bat comes into view.
You see here a bat corpse.
A frilled lizard comes into view.
The frilled lizard hisses angrily.
The bat completely misses you.
There are monsters nearby!
The jackal barks!
The bat misses you.
A jackal comes into view.
The frilled lizard misses you. The bat barely misses you.
The bat attacks as you move away! The bat closely misses you. x2
You see here a bat corpse.
The bat attacks as you move away! The bat closely misses you.
The bat misses you. The bat hits you. The bat closely misses you.
You closely miss the bat. The bat closely misses you.
You closely miss the bat. The bat closely misses you.
You hit the bat. Your punch misses the bat.
The bat is heavily wounded.
The bat hits you but does no damage. The bat closely misses you.
You closely miss the bat.
The bat is heavily wounded.
The bat hits you.
You hit the bat.
You kill the bat!
You hit the frilled lizard but do no damage.
The frilled lizard bites you but does no damage.
You hit the frilled lizard.
You kill the frilled lizard!
You barely miss the jackal. The jackal closely misses you.
You hit the jackal.
The jackal is heavily wounded.
The jackal bites you but does no damage.
You hit the jackal.
You kill the jackal!
You have reached level 3!
Your experience leads to an increase in your attributes!
Increase (S)trength, (I)ntelligence, or (D)exterity?
You feel clever. x2
The power to cast Slow wells up from within.
Spell assigned to 'e'.
Unknown command.
You hit the jackal.
The jackal is severely wounded.
The jackal barely misses you.
You hit the jackal.
You kill the jackal!
Things that are here:
a jackal corpse; a bat corpse; a bat corpse No target in view!
You start waiting.
A worm comes into view.
Are you sure you want to abandon this character and quit the game? (Confirm with "yes".)

............####
.#.....#........
.
###.^.#........
#............
##....†#### .#
##.##.# .#
####.# .#
#.#######.#
#....†@.#.#
#######.#.##h##
#b.........
#.#.#..w...
#.#.#..##h. #
#.#..# #.#..#
#.##.# #. ..


You could see a worm (wandering).

Vanquished Creatures
  A dart slug (D:1)
  An orc (D:2)
  2 bats (D:2)
  An endoplasm (D:1)
  A goblin (D:1)
  6 jackals (D:2)
  A quokka (D:2)
  A ball python (D:2)
  A frilled lizard (D:2)
15 creatures vanquished.

Notes
Turn   | Place    | Note
-------+----------+-------------------------------------------
     0 | D:1      | Flugkiller the Djinni Warper began the quest for the Orb.
     0 | D:1      | Flugkiller set off with the following spells memorised:
                  | Blink, Lesser Beckoning, Vhi's Electric Charge, Teleport
                  | Other, Manifold Assault.
     0 | D:1      | Reached XP level 1. HP: 18/18 MP: 0/0
   102 | D:1      | You are sucked into a shaft and drop 1 floor!
   152 | D:2      | Reached XP level 2. HP: 24/24 MP: 0/0
   422 | D:2      | Reached XP level 3. HP: 29/29 MP: 0/0
   422 | D:2      | Learned a level 1 spell: Slow
   481 | D:2      | Quit the game

Illustrated notes

Levels and vault maps discovered:
D:1:      dpeg_arrival_shelter, layout_loops_ring
D:2:      minmay_inner_zag, layout_basic, basic_altar

Action                     || total
---------------------------++-------
  Melee: Short sword       ||    88
         Punch             ||     1
  Throw: Boomerang         ||     1
 Armour: Leather armour    ||    26
  Dodge: Dodged            ||    63
